AoeStats
← Green Assassin

Hideout

503512615Analyzed
4v4 RM · 1mo ago on Sep 1, 2026· 27m 20s· 8 players
Game mode
Random Map
Map size
Large (8 player)
Population
200
Speed
Normal
Resources
Standard
Victory
Conquest
Starting age
Dark Age
Ending age
Imperial Age
RankedLock teamsTeams togetherTeam positionsShared explorationLock speedFull tech treeHidden civsTurbo modeCheats
Victory
Defeat
🇩🇪 Romans · Germany
1212
+17
🇨🇦 Maya · Canada
1196
+18
1195
+18
🇸🇪 Burgundians · Sweden
1160
+20
🇨🇳 Saracens · China
1267
-19
🇨🇦 Celts · Canada
1266
-19
🇨🇳 Vietnamese · China
1226
-18
🇨🇳 Koreans · China
1217
-17
Green Assassin
0:27 Loom
9:17 Feudal Age
9:56 Double-Bit Axe
18:12 Castle Age
18:00 Scale Barding Armor
18:42 Forging
26:45 Wheelbarrow
26:53 Chain Barding Armor
26:34 Scale Mail Armor
27:18 Iron Casting
eward17
0:29 Loom
11:14 Feudal Age
12:55 Double-Bit Axe
15:14 Castle Age
13:50 Horse Collar
16:43 Bow Saw
17:16 Heavy Plow
18:38 Wheelbarrow
24:33 Hand Cart
25:54 Gold Mining
25:54 Stone Mining
27:00 Fletching
27:11 Padded Archer Armor
Jardel
7:51 Loom
10:03 Feudal Age
10:55 Double-Bit Axe
18:03 Castle Age
16:06 Horse Collar
16:47 Bow Saw
20:17 Heavy Plow
22:19 Gold Mining
22:25 Cavalier
23:15 Scale Barding Armor
24:33 Fervor
26:35 Chain Barding Armor
El Monje Cleptómano de Cieza
7:20 Loom
9:31 Feudal Age
9:54 Man-at-Arms
10:53 Long Swordsman
15:50 Double-Bit Axe
22:19 Gold Mining
27:33 Castle Age
26:23 Scale Mail Armor
26:34 Forging
26:47 Horse Collar
Theodore
6:12 Loom
9:42 Feudal Age
10:11 Double-Bit Axe
9:49 Man-at-Arms
10:14 Arson
12:06 Forging
28:19 Castle Age
因为
10:46 Feudal Age
12:27 Double-Bit Axe
13:11 Double-Bit Axe
15:51 Castle Age
13:39 Loom
14:57 Horse Collar
16:11 Stone Mining
16:45 Crossbowman
20:33 Fletching
帝国小牛
10:32 Feudal Age
15:12 Castle Age
13:54 Double-Bit Axe
15:33 Loom
22:57 Horse Collar
23:57 Fletching
24:08 Padded Archer Armor
23:30 Crossbowman
25:27 Bow Saw
25:13 Stone Mining
25:58 Gold Mining
26:35 Bodkin Arrow
人在江湖
9:43 Feudal Age
15:19 Castle Age
13:53 Double-Bit Axe
13:49 Horse Collar
19:12 Loom
19:12 Town Watch
21:31 Heavy Plow
22:59 Bow Saw
24:51 Wheelbarrow
29:10 Imperial Age
26:34 Gold Mining
27:49 Scale Barding Armor
Connection lost

Rejoining the realm…

Still unreachable

The connection could not be restored.

Session expired

The server has moved on; the page needs a fresh start.